COLUMBUS Blue Jackets vs VEGAS Golden Knights

Created - 5 avril 2024 at 17:07

Goals
1 2 3 T
COLUMBUS Blue Jackets 0 0 0 0
VEGAS Golden Knights 0 1 0 1
Shots
1 2 3 T
COLUMBUS Blue Jackets 5 6 6 17
VEGAS Golden Knights 8 6 11 25

1st period

No Goal

Penalties :
Kailer Yamamoto (CLB) for Tripping (Minor) at 6:12

2nd period

1. VEGAS Golden Knights , Adam Erne 16 (Colton Sissons 33, Adam Larsson 29) at 4:37

Penalties :
Adam Larsson (VGK) for Slashing (Minor) at 0:27, Max Pacioretty (CLB) for Holding (Minor) at 2:27, Adam Erne (VGK) for Interference (Minor) at 5:54

3rd period

No Goal

Penalties :
Blake Coleman (CLB) for Slashing (Minor) at 12:31, Sebastian Aho (VGK) for Hooking (Minor) at 19:16

Goalie Stats

Thatcher Demko (CLB), 24 saves from 25 shots - (0,960), L, 31-27-5, 59:18 minutes
Connor Hellebuyck (VGK), 17 saves from 17 shots - (1,000), W, 39-29-3, 60:00 minutes

Players Stats for COLUMBUS Blue Jackets

Player Name              G  A  P  +/- PIM S  H  SB GA TA FO     MP     PP MP  PK MP  
------------------------------------------------------------------------------------
Andre Burakovsky         0  0  0   0  0   0  0  0  0  0  2/2    12:57   2:08   0:00 
Anthony Cirelli          0  0  0   0  0   4  0  0  0  0  12/22  18:54   2:08   0:38 
Blake Coleman            0  0  0   0  2   2  4  0  0  0  1/3    19:42   2:08   1:27 
Calvin de Haan           0  0  0  -1  0   0  1  0  0  0  0/0    15:46   0:00   0:27 
Dmitry Orlov             0  0  0   0  0   2  2  1  0  0  0/0    23:39   1:55   2:59 
Elmer Soderblom          0  0  0   0  0   0  0  0  0  0  0/0     5:57   0:00   0:00 
Eric Staal               0  0  0   0  0   1  1  0  0  0  3/6     6:16   0:00   0:19 
Evan Rodrigues           0  0  0   0  0   2  0  0  0  0  8/10   21:59   2:33   3:18 
Jake Evans               0  0  0  -1  0   0  2  0  0  0  4/15   16:28   0:00   0:00 
Kailer Yamamoto          0  0  0  -1  2   0  2  0  0  0  0/1    19:00   2:33   0:00 
Martin Fehervary         0  0  0   0  0   2  1  0  0  0  0/0    20:44   2:46   2:40 
Matt Benning             0  0  0   0  0   2  3  0  0  0  0/0    20:54   2:46   2:50 
Max Pacioretty           0  0  0   0  2   0  0  0  0  0  0/0     5:56   0:00   0:00 
Neal Pionk               0  0  0   0  0   0  2  0  0  0  0/0    23:38   1:55   2:58 
Ondrej Palat             0  0  0  -1  0   1  2  0  0  0  0/0    19:01   2:33   0:00 
Pierre-Olivier Joseph    0  0  0  -1  0   0  3  0  0  0  0/0    15:19   0:00   0:00 
Ryan Poehling            0  0  0   0  0   0  0  0  0  0  5/10   13:09   0:00   2:20 
Zemgus Girgensons        0  0  0   0  0   1  2  0  0  0  0/1    14:41   0:00   3:52 

Players Stats for VEGAS Golden Knights

Player Name              G  A  P  +/- PIM S  H  SB GA TA FO     MP     PP MP  PK MP  
------------------------------------------------------------------------------------
Adam Erne                1  0  1   1  2   1  1  0  0  0  0/0    13:19   0:00   0:00 
Adam Larsson             0  1  1   1  2   2  6  1  0  0  0/0    21:35   0:00   1:23 
Alex Killorn             0  0  0   0  0   3  1  1  0  0  0/3    18:39   2:40   1:18 
Andrei Svechnikov        0  0  0   0  0   4  1  0  0  0  1/1    16:40   2:40   0:00 
Colton Sissons           0  1  1   1  0   1  1  0  0  0  8/20   19:26   3:17   2:51 
Devin Shore              0  0  0   0  0   1  1  0  0  0  1/1     6:35   0:00   0:55 
Evgenii Dadonov          0  0  0   1  0   1  0  0  0  0  1/2    13:20   0:00   0:00 
Jared McCann             0  0  0   0  0   2  0  1  0  0  0/0    19:04   2:40   0:00 
Jordan Oesterle          0  0  0   0  0   0  0  0  0  0  0/0    14:04   0:00   0:52 
Mikael Granlund          0  0  0   0  0   0  1  0  0  0  11/16  17:15   3:17   0:32 
Mike Reilly              0  0  0   0  0   0  0  1  0  0  0/0    13:12   0:00   0:00 
Noah Hanifin             0  0  0   0  0   0  1  1  0  0  0/0    22:20   2:40   2:20 
Noel Acciari             0  0  0   0  0   1  3  0  0  0  1/3    10:15   3:17   1:18 
Olli Maatta              0  0  0   1  0   1  0  1  0  0  0/0    21:07   0:00   2:17 
Phil Di Giuseppe         0  0  0   0  0   0  0  0  0  0  1/2     5:40   0:00   0:00 
Sebastian Aho            0  0  0   0  2   4  1  1  0  0  11/22  22:03   2:40   2:28 
Tomas Tatar              0  0  0   0  0   4  0  0  0  0  0/0    18:58   3:17   0:00 
Tony DeAngelo            0  0  0   0  0   0  1  3  0  0  0/0    21:44   3:17   2:30 

3 Stars

1 - Connor Hellebuyck (VGK)
2 - Thatcher Demko (CLB)
3 - Adam Larsson (VGK)

Power Play

COLUMBUS Blue Jackets - 0 on 3 Attempt(s) - 0,00%
VEGAS Golden Knights - 0 on 3 Attempt(s) - 0,00%

Penalty Kill

COLUMBUS Blue Jackets - 3 on 3 Attempt(s) - 100,00% - Score 0 goal in Penalty Kill
VEGAS Golden Knights - 3 on 3 Attempt(s) - 100,00% - Score 0 goal in Penalty Kill

Team Stat

COLUMBUS Blue Jackets - Hits : 25 - Faceoff Wins : 35 - Blocked Shots : 1 - Penalty Minutes : 6
VEGAS Golden Knights - Hits : 18 - Faceoff Wins : 35 - Blocked Shots : 10 - Penalty Minutes : 6

Official

Referees : John Hoolihan and Chris Schlenker
Linesman : Kilian McNamara and Steve Barton

Game Notes

No Game Note

Finance

Level 1 -- Attendance: 4917 (81,95%) -- Ticket Income $491,700
Level 2 -- Attendance: 3825 (76,50%) -- Ticket Income $229,500
Level 3 -- Attendance: 1918 (95,90%) -- Ticket Income $67,130
Level 4 -- Attendance: 2989 (74,73%) -- Ticket Income $74,725
Luxury Box -- Attendance: 868 (86,80%) -- Ticket Income $173,600
Game was played at the T-Mobile Arena.
Total Attendance: 14517 (80,65%)
Total Ticket Income: $1,036,655
Other Income: $259,164
Total Income: $1,295,819

COLUMBUS Blue Jackets

5 vs 5 Forward 
   Center                   Left Wing                Right Wing               Time % Phy DF OF 
 1 Anthony Cirelli          Evan Rodrigues           Blake Coleman            40     0   3  2  
 2 Jake Evans               Ondrej Palat             Kailer Yamamoto          30     0   4  1  
 3 Ryan Poehling            Zemgus Girgensons        Andre Burakovsky         20     0   1  4  
 4 Eric Staal               Max Pacioretty           Elmer Soderblom          10     1   4  0  

5 vs 5 Defense 
   Defense                  Defense                                           Time % Phy DF OF 
 1 Dmitry Orlov             Neal Pionk                                        40     0   3  2  
 2 Matt Benning             Martin Fehervary                                  30     0   4  1  
 3 Pierre-Olivier Joseph    Calvin de Haan                                    20     0   5  0  
 4 Dmitry Orlov             Neal Pionk                                        10     1   3  1  

PowerPlay Forward 
   Center                   Left Wing                Right Wing               Time % Phy DF OF 
 1 Anthony Cirelli          Andre Burakovsky         Blake Coleman            60     0   1  4  
 2 Evan Rodrigues           Ondrej Palat             Kailer Yamamoto          40     0   1  4  

PowerPlay Defense
   Defense                  Defense                                           Time % Phy DF OF 
 1 Dmitry Orlov             Neal Pionk                                        60     0   1  4  
 2 Matt Benning             Martin Fehervary                                  40     0   1  4  

Penalty Kill 4 Players Forward 
   Center                   Wing                     Time % Phy DF OF 
 1 Evan Rodrigues           Zemgus Girgensons        60     0   5  0  
 2 Ryan Poehling            Blake Coleman            40     0   5  0  

Penalty Kill 4 Players Defense
   Defense                  Defense                  Time % Phy DF OF 
 1 Dmitry Orlov             Matt Benning             60     0   5  0  
 2 Neal Pionk               Martin Fehervary         40     0   5  0  

Penalty Kill - 3 Players Forward 
   Forward                                           Time % Phy DF OF 
 1 Blake Coleman                                     60     0   5  0  
 2 Anthony Cirelli                                   40     0   5  0  

Penalty Kill - 3 Players Defense
   Defense                  Defense                  Time % Phy DF OF 
 1 Dmitry Orlov             Matt Benning             60     0   5  0  
 2 Neal Pionk               Martin Fehervary         40     0   5  0  

4 vs 4 Forward 
   Center                   Wing                     Time % Phy DF OF 
 1 Jake Evans               Andre Burakovsky         60     0   3  2  
 2 Ryan Poehling            Kailer Yamamoto          40     0   3  2  

4 vs 4 Defense
   Defense                  Defense                  Time % Phy DF OF 
 1 Dmitry Orlov             Matt Benning             60     0   4  1  
 2 Neal Pionk               Martin Fehervary         40     0   4  1  

Last Minutes Offensive
   Center                   Left Wing                Right Wing               Defense                  Defense                  
   Anthony Cirelli          Evan Rodrigues           Blake Coleman            Dmitry Orlov             Neal Pionk               

Last Minutes Defensive
   Center                   Left Wing                Right Wing               Defense                  Defense                  
   Anthony Cirelli          Evan Rodrigues           Blake Coleman            Dmitry Orlov             Neal Pionk               

Goaltenders
Starting : Thatcher Demko           
Backup : Mackenzie Blackwood      

Extra Forwards
Normal : Ryan Poehling, Anthony Cirelli, Zemgus Girgensons - PP : Blake Coleman, Ryan Poehling - PK : Ryan Poehling
Extra Defensemen
Normal : Calvin de Haan, Matt Benning, Neal Pionk - PP : Calvin de Haan - PK : Calvin de Haan, Neal Pionk
Penalty Shots
Evan Rodrigues, Anthony Cirelli, Blake Coleman, Kailer Yamamoto, Andre Burakovsky

Scratches
None

VEGAS Golden Knights

5 vs 5 Forward 
   Center                   Left Wing                Right Wing               Time % Phy DF OF 
 1 Sebastian Aho            Jared McCann             Tomas Tatar              36     1   2  2  
 2 Mikael Granlund          Andrei Svechnikov        Alex Killorn             30     1   2  2  
 3 Colton Sissons           Adam Erne                Evgenii Dadonov          25     1   2  2  
 4 Noel Acciari             Phil Di Giuseppe         Devin Shore              9      1   2  2  

5 vs 5 Defense 
   Defense                  Defense                                           Time % Phy DF OF 
 1 Adam Larsson             Olli Maatta                                       40     1   2  2  
 2 Noah Hanifin             Tony DeAngelo                                     33     1   2  2  
 3 Mike Reilly              Jordan Oesterle                                   22     1   2  2  
 4 Adam Larsson             Noah Hanifin                                      5      1   2  2  

PowerPlay Forward 
   Center                   Left Wing                Right Wing               Time % Phy DF OF 
 1 Sebastian Aho            Jared McCann             Alex Killorn             65     0   1  4  
 2 Colton Sissons           Noel Acciari             Tomas Tatar              35     0   2  3  

PowerPlay Defense
   Defense                  Defense                                           Time % Phy DF OF 
 1 Andrei Svechnikov        Noah Hanifin                                      65     0   1  4  
 2 Mikael Granlund          Tony DeAngelo                                     35     0   2  3  

Penalty Kill 4 Players Forward 
   Center                   Wing                     Time % Phy DF OF 
 1 Colton Sissons           Sebastian Aho            60     1   3  1  
 2 Noel Acciari             Alex Killorn             40     1   3  1  

Penalty Kill 4 Players Defense
   Defense                  Defense                  Time % Phy DF OF 
 1 Adam Larsson             Tony DeAngelo            60     1   3  1  
 2 Noah Hanifin             Olli Maatta              40     1   3  1  

Penalty Kill - 3 Players Forward 
   Forward                                           Time % Phy DF OF 
 1 Colton Sissons                                    60     0   5  0  
 2 Sebastian Aho                                     40     0   5  0  

Penalty Kill - 3 Players Defense
   Defense                  Defense                  Time % Phy DF OF 
 1 Adam Larsson             Noah Hanifin             60     0   5  0  
 2 Tony DeAngelo            Olli Maatta              40     0   5  0  

4 vs 4 Forward 
   Center                   Wing                     Time % Phy DF OF 
 1 Sebastian Aho            Alex Killorn             60     1   2  2  
 2 Mikael Granlund          Jared McCann             40     1   2  2  

4 vs 4 Defense
   Defense                  Defense                  Time % Phy DF OF 
 1 Adam Larsson             Tony DeAngelo            60     1   2  2  
 2 Noah Hanifin             Olli Maatta              40     1   2  2  

Last Minutes Offensive
   Center                   Left Wing                Right Wing               Defense                  Defense                  
   Sebastian Aho            Jared McCann             Alex Killorn             Tony DeAngelo            Noah Hanifin             

Last Minutes Defensive
   Center                   Left Wing                Right Wing               Defense                  Defense                  
   Sebastian Aho            Colton Sissons           Alex Killorn             Adam Larsson             Noah Hanifin             

Goaltenders
Starting : Connor Hellebuyck        
Backup : Pyotr Kochetkov          

Extra Forwards
Normal : Jared McCann, Sebastian Aho, Alex Killorn - PP : Sebastian Aho, Mikael Granlund - PK : Colton Sissons
Extra Defensemen
Normal : Adam Larsson, Noah Hanifin, Tony DeAngelo - PP : Tony DeAngelo - PK : Adam Larsson, Noah Hanifin
Penalty Shots
Sebastian Aho, Jared McCann, Andrei Svechnikov, Alex Killorn, Tomas Tatar

Scratches
None


% Time on Ice - COLUMBUS Blue Jackets

Lines # - Real PCT - Wanted PCT - Time Play
Normal Forward
1 - 32% - 40% - 15:53
2 - 34% - 30% - 16:28
3 - 22% - 20% - 10:49
4 - 12% - 10% - 5:57
Normal Defense
1 - 37% - 40% - 17:56
2 - 31% - 30% - 15:18
3 - 31% - 20% - 15:19
4 - 1% - 10% - 0:34
PP Forward
1 - 46% - 60% - 2:08
2 - 54% - 40% - 2:33
PP Defense
1 - 41% - 60% - 1:55
2 - 59% - 40% - 2:46
PK Forward
1 - 65% - 60% - 3:52
2 - 35% - 40% - 2:05
PK Defense
1 - 50% - 60% - 2:59
2 - 50% - 40% - 2:58
PK3 Forward
1 - 0% - 60%
2 - 0% - 40%
PK3 Defense
1 - 0% - 60%
2 - 0% - 40%
44 Forward
1 - 0% - 60%
2 - 0% - 40%
44 Defense
1 - 0% - 60%
2 - 0% - 40%
Last Minute Offensive  - 0:15
Last Minute Defensive  - 0:00
Total
Forward - 60:00
Defense - 60:00

% Time on Ice - VEGAS Golden Knights

Lines # - Real PCT - Wanted PCT - Time Play
Normal Forward
1 - 33% - 36% - 16:07
2 - 29% - 30% - 14:00
3 - 27% - 25% - 13:20
4 - 12% - 9% - 5:40
Normal Defense
1 - 38% - 40% - 18:50
2 - 32% - 33% - 15:57
3 - 27% - 22% - 13:12
4 - 2% - 5% - 1:08
PP Forward
1 - 45% - 65% - 2:40
2 - 55% - 35% - 3:17
PP Defense
1 - 45% - 65% - 2:40
2 - 55% - 35% - 3:17
PK Forward
1 - 72% - 60% - 3:23
2 - 28% - 40% - 1:18
PK Defense
1 - 72% - 60% - 3:22
2 - 28% - 40% - 1:19
PK3 Forward
1 - 0% - 60%
2 - 0% - 40%
PK3 Defense
1 - 0% - 60%
2 - 0% - 40%
44 Forward
1 - 0% - 60%
2 - 0% - 40%
44 Defense
1 - 0% - 60%
2 - 0% - 40%
Last Minute Offensive  - 0:00
Last Minute Defensive  - 0:15
Total
Forward - 60:00
Defense - 60:00

Play-by-Play

1st period


0:01 of 1st period - Anthony Cirelli wins face-off versus Sebastian Aho in neutral zone.
0:09 of 1st period - Anthony Cirelli is hit by Adam Larsson and loses puck.
0:17 of 1st period - Off-side.
0:18 of 1st period - Mikael Granlund wins face-off versus Jake Evans in neutral zone.
0:43 of 1st period - Shot by Kailer Yamamoto.
0:43 of 1st period - Shot Misses the Net.
0:59 of 1st period - Shot by Jake Evans.
0:59 of 1st period - Shot Blocked by Noah Hanifin.
1:37 of 1st period - Shot by Colton Sissons.
1:37 of 1st period - Shot Misses the Net.
1:39 of 1st period - Shot by Colton Sissons.
1:39 of 1st period - Shot Misses the Net.
2:27 of 1st period - Shot by Tomas Tatar.
2:27 of 1st period - Stopped by Thatcher Demko without a rebound.
2:28 of 1st period - Anthony Cirelli wins face-off versus Noel Acciari in COLUMBUS Blue Jackets zone.
2:52 of 1st period - Icing by Dmitry Orlov.
2:53 of 1st period - Sebastian Aho wins face-off versus Anthony Cirelli in COLUMBUS Blue Jackets zone.
2:56 of 1st period - Shot by Sebastian Aho.
2:56 of 1st period - Shot Misses the Net.
3:38 of 1st period - Shot by Jared McCann.
3:38 of 1st period - Shot Misses the Net.
3:44 of 1st period - Shot by Max Pacioretty.
3:44 of 1st period - Deflect By Elmer Soderblom.
3:44 of 1st period - Shot Misses the Net.
3:50 of 1st period - Shot by Max Pacioretty.
3:50 of 1st period - Shot Blocked by Jared McCann.
4:56 of 1st period - Shot by Andrei Svechnikov.
4:56 of 1st period - Stopped by Thatcher Demko without a rebound.
4:57 of 1st period - Anthony Cirelli wins face-off versus Colton Sissons in COLUMBUS Blue Jackets zone.
5:36 of 1st period - Off-side.
5:37 of 1st period - Mikael Granlund wins face-off versus Eric Staal in neutral zone.
5:47 of 1st period - Martin Fehervary is hit by Adam Larsson and loses puck.
6:06 of 1st period - Off-side.
6:07 of 1st period - Devin Shore wins face-off versus Jake Evans in neutral zone.
6:07 of 1st period - Devin Shore is hit by Ondrej Palat.
6:12 of 1st period - Minor Penalty to Kailer Yamamoto for Tripping.
6:13 of 1st period - Evan Rodrigues wins face-off versus Alex Killorn in COLUMBUS Blue Jackets zone.
6:32 of 1st period - Shot by Andrei Svechnikov.
6:32 of 1st period - Stopped by Thatcher Demko without a rebound.
6:33 of 1st period - Colton Sissons wins face-off versus Evan Rodrigues in COLUMBUS Blue Jackets zone.
8:28 of 1st period - Shot by Jared McCann.
8:28 of 1st period - Stopped by Thatcher Demko without a rebound.
8:29 of 1st period - Eric Staal wins face-off versus Alex Killorn in COLUMBUS Blue Jackets zone.
8:29 of 1st period - Eric Staal is hit by Andrei Svechnikov.
8:37 of 1st period - Sebastian Aho is hit by Eric Staal and loses puck.
8:48 of 1st period - Shot by Elmer Soderblom.
8:48 of 1st period - Shot Hit the Post.
8:52 of 1st period - Shot by Eric Staal.
8:52 of 1st period - Shot Misses the Net.
8:54 of 1st period - Shot by Eric Staal.
8:54 of 1st period - Shot Misses the Net.
8:56 of 1st period - Shot by Dmitry Orlov.
8:56 of 1st period - Shot Misses the Net.
8:58 of 1st period - Shot by Eric Staal.
8:58 of 1st period - Shot Misses the Net.
9:00 of 1st period - Shot by Eric Staal.
9:00 of 1st period - Shot Misses the Net.
9:02 of 1st period - Shot by Dmitry Orlov.
9:02 of 1st period - Stopped by Connor Hellebuyck without a rebound.
9:03 of 1st period - Jake Evans wins face-off versus Colton Sissons in VEGAS Golden Knights zone.
9:26 of 1st period - Shot by Matt Benning.
9:26 of 1st period - Shot Blocked by Olli Maatta.
9:32 of 1st period - Shot by Ondrej Palat.
9:32 of 1st period - Shot Misses the Net.
9:34 of 1st period - Shot by Matt Benning.
9:34 of 1st period - Stopped by Connor Hellebuyck without a rebound.
9:35 of 1st period - Evan Rodrigues wins face-off versus Sebastian Aho in VEGAS Golden Knights zone.
9:40 of 1st period - Shot by Blake Coleman.
9:40 of 1st period - Stopped by Connor Hellebuyck without a rebound.
9:41 of 1st period - Anthony Cirelli wins face-off versus Noel Acciari in VEGAS Golden Knights zone.
10:24 of 1st period - Dmitry Orlov is hit by Noel Acciari and loses puck.
10:34 of 1st period - Icing by Devin Shore.
10:35 of 1st period - Noel Acciari wins face-off versus Jake Evans in VEGAS Golden Knights zone.
10:35 of 1st period - Noah Hanifin is hit by Jake Evans and loses puck.
10:44 of 1st period - Martin Fehervary is hit by Noel Acciari.
10:54 of 1st period - Shot by Jake Evans.
10:54 of 1st period - Shot Misses the Net.
11:46 of 1st period - Shot by Sebastian Aho.
11:46 of 1st period - Stopped by Thatcher Demko without a rebound.
11:47 of 1st period - Anthony Cirelli wins face-off versus Mikael Granlund in COLUMBUS Blue Jackets zone.
11:47 of 1st period - Anthony Cirelli is hit by Mikael Granlund.
12:04 of 1st period - Shot by Anthony Cirelli.
12:04 of 1st period - Stopped by Connor Hellebuyck with a rebound.
12:06 of 1st period - Shot by Dmitry Orlov.
12:06 of 1st period - Stopped by Connor Hellebuyck without a rebound.
12:07 of 1st period - Andre Burakovsky wins face-off versus Sebastian Aho in VEGAS Golden Knights zone.
12:51 of 1st period - Shot by Tomas Tatar.
12:51 of 1st period - Stopped by Thatcher Demko without a rebound.
12:52 of 1st period - Colton Sissons wins face-off versus Anthony Cirelli in COLUMBUS Blue Jackets zone.
12:52 of 1st period - Mike Reilly is hit by Neal Pionk and loses puck.
13:00 of 1st period - Colton Sissons is hit by Neal Pionk and loses puck.
13:11 of 1st period - Shot by Evgenii Dadonov.
13:11 of 1st period - Stopped by Thatcher Demko without a rebound.
13:12 of 1st period - Mikael Granlund wins face-off versus Jake Evans in COLUMBUS Blue Jackets zone.
15:11 of 1st period - Icing by Sebastian Aho.
15:12 of 1st period - Sebastian Aho wins face-off versus Eric Staal in VEGAS Golden Knights zone.
16:06 of 1st period - Icing by Pierre-Olivier Joseph.
16:07 of 1st period - Eric Staal wins face-off versus Colton Sissons in COLUMBUS Blue Jackets zone.
16:40 of 1st period - Icing by Colton Sissons.
16:41 of 1st period - Colton Sissons wins face-off versus Zemgus Girgensons in VEGAS Golden Knights zone.
18:08 of 1st period - Shot by Devin Shore.
18:08 of 1st period - Stopped by Thatcher Demko without a rebound.
18:09 of 1st period - Colton Sissons wins face-off versus Blake Coleman in COLUMBUS Blue Jackets zone.
18:56 of 1st period - Noah Hanifin is hit by Blake Coleman and loses puck.
19:07 of 1st period - Noah Hanifin is hit by Kailer Yamamoto and loses puck.
Goals for this period are 0 for COLUMBUS Blue Jackets vs 0 for VEGAS Golden Knights.
Shots for this period are 5 for COLUMBUS Blue Jackets vs 8 for VEGAS Golden Knights.

2nd period


0:01 of 2nd period - Anthony Cirelli wins face-off versus Alex Killorn in neutral zone.
0:25 of 2nd period - Evan Rodrigues is hit by Adam Larsson and loses puck.
0:27 of 2nd period - Minor Penalty to Adam Larsson for Slashing.
0:28 of 2nd period - Evan Rodrigues wins face-off versus Colton Sissons in VEGAS Golden Knights zone.
1:23 of 2nd period - Shot by Neal Pionk.
1:23 of 2nd period - Shot Blocked by Alex Killorn.
1:25 of 2nd period - Shot by Anthony Cirelli.
1:25 of 2nd period - Stopped by Connor Hellebuyck with a rebound.
1:27 of 2nd period - Shot by Dmitry Orlov.
1:27 of 2nd period - Shot Misses the Net.
2:27 of 2nd period - Minor Penalty to Max Pacioretty for Holding.
2:28 of 2nd period - Sebastian Aho wins face-off versus Ryan Poehling in COLUMBUS Blue Jackets zone.
2:42 of 2nd period - Icing by Andrei Svechnikov.
2:43 of 2nd period - Sebastian Aho wins face-off versus Evan Rodrigues in VEGAS Golden Knights zone.
2:48 of 2nd period - Andrei Svechnikov is hit by Zemgus Girgensons and loses puck.
3:26 of 2nd period - Colton Sissons is hit by Dmitry Orlov.
4:23 of 2nd period - Shot by Andrei Svechnikov.
4:23 of 2nd period - Deflect By Jared McCann.
4:23 of 2nd period - Shot Misses the Net.
4:25 of 2nd period - Shot by Alex Killorn.
4:25 of 2nd period - Shot Misses the Net.
4:27 of 2nd period - Shot by Andrei Svechnikov.
4:27 of 2nd period - Stopped by Thatcher Demko with a rebound.
4:29 of 2nd period - Shot by Olli Maatta.
4:29 of 2nd period - Stopped by Thatcher Demko without a rebound.
4:30 of 2nd period - Colton Sissons wins face-off versus Jake Evans in COLUMBUS Blue Jackets zone.
4:33 of 2nd period - Shot by Colton Sissons.
4:33 of 2nd period - Shot Misses the Net.
4:35 of 2nd period - Shot by Colton Sissons.
4:35 of 2nd period - Stopped by Thatcher Demko with a rebound.
4:37 of 2nd period - Shot by Adam Erne.
4:37 of 2nd period - Goal by Adam Erne - COLUMBUS Blue Jackets : 0 - VEGAS Golden Knights : 1.
4:38 of 2nd period - Jake Evans wins face-off versus Phil Di Giuseppe in neutral zone.
4:40 of 2nd period - Kailer Yamamoto is hit by Adam Larsson and loses puck.
4:47 of 2nd period - Jake Evans is hit by Devin Shore and loses puck.
5:54 of 2nd period - Minor Penalty to Adam Erne for Interference.
5:55 of 2nd period - Anthony Cirelli wins face-off versus Colton Sissons in VEGAS Golden Knights zone.
5:56 of 2nd period - Shot by Neal Pionk.
5:56 of 2nd period - Shot Blocked by Tony DeAngelo.
5:58 of 2nd period - Shot by Dmitry Orlov.
5:58 of 2nd period - Shot Misses the Net.
6:00 of 2nd period - Shot by Dmitry Orlov.
6:00 of 2nd period - Shot Blocked by Adam Larsson.
6:02 of 2nd period - Shot by Dmitry Orlov.
6:02 of 2nd period - Shot Blocked by Sebastian Aho.
6:16 of 2nd period - Shot by Blake Coleman.
6:16 of 2nd period - Stopped by Connor Hellebuyck without a rebound.
6:17 of 2nd period - Colton Sissons wins face-off versus Anthony Cirelli in VEGAS Golden Knights zone.
6:22 of 2nd period - Martin Fehervary is hit by Colton Sissons and loses puck.
7:36 of 2nd period - Icing by Neal Pionk.
7:37 of 2nd period - Evan Rodrigues wins face-off versus Mikael Granlund in COLUMBUS Blue Jackets zone.
8:05 of 2nd period - Shot by Elmer Soderblom.
8:05 of 2nd period - Shot Misses the Net.
8:07 of 2nd period - Shot by Calvin de Haan.
8:07 of 2nd period - Shot Blocked by Mike Reilly.
8:09 of 2nd period - Shot by Eric Staal.
8:09 of 2nd period - Stopped by Connor Hellebuyck without a rebound.
8:10 of 2nd period - Ryan Poehling wins face-off versus Mikael Granlund in VEGAS Golden Knights zone.
8:10 of 2nd period - Andre Burakovsky is hit by Noah Hanifin and loses puck.
8:39 of 2nd period - Icing by Mikael Granlund.
8:40 of 2nd period - Mikael Granlund wins face-off versus Anthony Cirelli in VEGAS Golden Knights zone.
8:40 of 2nd period - Mikael Granlund is hit by Blake Coleman.
8:45 of 2nd period - Andrei Svechnikov is hit by Blake Coleman and loses puck.
9:06 of 2nd period - Shot by Evan Rodrigues.
9:06 of 2nd period - Stopped by Connor Hellebuyck without a rebound.
9:07 of 2nd period - Jake Evans wins face-off versus Sebastian Aho in VEGAS Golden Knights zone.
11:28 of 2nd period - Dmitry Orlov is hit by Alex Killorn and loses puck.
11:49 of 2nd period - Icing by Noah Hanifin.
11:50 of 2nd period - Mikael Granlund wins face-off versus Ryan Poehling in VEGAS Golden Knights zone.
11:50 of 2nd period - Mikael Granlund is hit by Zemgus Girgensons.
12:10 of 2nd period - Shot by Martin Fehervary.
12:10 of 2nd period - Stopped by Connor Hellebuyck without a rebound.
12:11 of 2nd period - Colton Sissons wins face-off versus Eric Staal in VEGAS Golden Knights zone.
13:26 of 2nd period - Shot by Blake Coleman.
13:26 of 2nd period - Shot Misses the Net.
13:28 of 2nd period - Shot by Evan Rodrigues.
13:28 of 2nd period - Stopped by Connor Hellebuyck without a rebound.
13:29 of 2nd period - Andre Burakovsky wins face-off versus Sebastian Aho in VEGAS Golden Knights zone.
13:38 of 2nd period - Shot by Andre Burakovsky.
13:38 of 2nd period - Shot Misses the Net.
16:00 of 2nd period - Matt Benning is hit by Noel Acciari and loses puck.
17:26 of 2nd period - Icing by Calvin de Haan.
17:27 of 2nd period - Mikael Granlund wins face-off versus Jake Evans in COLUMBUS Blue Jackets zone.
17:56 of 2nd period - Icing by Pierre-Olivier Joseph.
17:57 of 2nd period - Sebastian Aho wins face-off versus Jake Evans in COLUMBUS Blue Jackets zone.
18:10 of 2nd period - Mike Reilly is hit by Ondrej Palat and loses puck.
18:33 of 2nd period - Shot by Tomas Tatar.
18:33 of 2nd period - Stopped by Thatcher Demko without a rebound.
18:34 of 2nd period - Mikael Granlund wins face-off versus Anthony Cirelli in COLUMBUS Blue Jackets zone.
18:57 of 2nd period - Shot by Alex Killorn.
18:57 of 2nd period - Shot Misses the Net.
18:59 of 2nd period - Shot by Adam Larsson.
18:59 of 2nd period - Stopped by Thatcher Demko without a rebound.
19:00 of 2nd period - Evgenii Dadonov wins face-off versus Ryan Poehling in COLUMBUS Blue Jackets zone.
19:31 of 2nd period - Shot by Zemgus Girgensons.
19:31 of 2nd period - Deflect By Andre Burakovsky.
19:31 of 2nd period - Shot Misses the Net.
19:33 of 2nd period - Shot by Dmitry Orlov.
19:33 of 2nd period - Shot Misses the Net.
19:46 of 2nd period - Icing by Tony DeAngelo.
19:47 of 2nd period - Anthony Cirelli wins face-off versus Colton Sissons in VEGAS Golden Knights zone.
Goals for this period are 0 for COLUMBUS Blue Jackets vs 1 for VEGAS Golden Knights.
Shots for this period are 6 for COLUMBUS Blue Jackets vs 6 for VEGAS Golden Knights.

3rd period


0:01 of 3rd period - Sebastian Aho wins face-off versus Anthony Cirelli in neutral zone.
0:04 of 3rd period - Blake Coleman is hit by Sebastian Aho and loses puck.
0:54 of 3rd period - Adam Larsson is hit by Jake Evans and loses puck.
1:14 of 3rd period - Kailer Yamamoto is hit by Adam Larsson and loses puck.
1:29 of 3rd period - Shot by Martin Fehervary.
1:29 of 3rd period - Shot Misses the Net.
2:15 of 3rd period - Shot by Andrei Svechnikov.
2:15 of 3rd period - Shot Misses the Net.
2:30 of 3rd period - Icing by Pierre-Olivier Joseph.
2:31 of 3rd period - Ryan Poehling wins face-off versus Evgenii Dadonov in COLUMBUS Blue Jackets zone.
2:39 of 3rd period - Off-side.
2:40 of 3rd period - Blake Coleman wins face-off versus Colton Sissons in neutral zone.
3:00 of 3rd period - Colton Sissons is hit by Dmitry Orlov and loses puck.
3:31 of 3rd period - Icing by Adam Erne.
3:32 of 3rd period - Colton Sissons wins face-off versus Jake Evans in VEGAS Golden Knights zone.
3:47 of 3rd period - Shot by Ondrej Palat.
3:47 of 3rd period - Stopped by Connor Hellebuyck with a rebound.
3:49 of 3rd period - Shot by Matt Benning.
3:49 of 3rd period - Stopped by Connor Hellebuyck without a rebound.
3:50 of 3rd period - Ryan Poehling wins face-off versus Mikael Granlund in VEGAS Golden Knights zone.
3:53 of 3rd period - Shot by Zemgus Girgensons.
3:53 of 3rd period - Stopped by Connor Hellebuyck without a rebound.
3:54 of 3rd period - Mikael Granlund wins face-off versus Jake Evans in VEGAS Golden Knights zone.
3:58 of 3rd period - Off-side.
3:59 of 3rd period - Mikael Granlund wins face-off versus Blake Coleman in neutral zone.
4:08 of 3rd period - Shot by Andrei Svechnikov.
4:08 of 3rd period - Stopped by Thatcher Demko without a rebound.
4:09 of 3rd period - Sebastian Aho wins face-off versus Anthony Cirelli in COLUMBUS Blue Jackets zone.
4:14 of 3rd period - Shot by Adam Larsson.
4:14 of 3rd period - Stopped by Thatcher Demko without a rebound.
4:15 of 3rd period - Anthony Cirelli wins face-off versus Sebastian Aho in COLUMBUS Blue Jackets zone.
4:20 of 3rd period - Adam Larsson is hit by Blake Coleman and loses puck.
4:30 of 3rd period - Shot by Anthony Cirelli.
4:30 of 3rd period - Stopped by Connor Hellebuyck without a rebound.
4:31 of 3rd period - Mikael Granlund wins face-off versus Jake Evans in VEGAS Golden Knights zone.
4:55 of 3rd period - Icing by Martin Fehervary.
4:56 of 3rd period - Jake Evans wins face-off versus Sebastian Aho in COLUMBUS Blue Jackets zone.
5:24 of 3rd period - Tomas Tatar is hit by Kailer Yamamoto and loses puck.
5:48 of 3rd period - Icing by Dmitry Orlov.
5:49 of 3rd period - Anthony Cirelli wins face-off versus Mikael Granlund in COLUMBUS Blue Jackets zone.
6:03 of 3rd period - Evan Rodrigues is hit by Tony DeAngelo and loses puck.
6:06 of 3rd period - Shot by Blake Coleman.
6:06 of 3rd period - Deflect By Evan Rodrigues.
6:06 of 3rd period - Shot Blocked by Tony DeAngelo.
6:18 of 3rd period - Shot by Blake Coleman.
6:18 of 3rd period - Shot Blocked by Tony DeAngelo.
6:20 of 3rd period - Shot by Anthony Cirelli.
6:20 of 3rd period - Stopped by Connor Hellebuyck without a rebound.
6:21 of 3rd period - Ryan Poehling wins face-off versus Colton Sissons in VEGAS Golden Knights zone.
6:29 of 3rd period - Colton Sissons is hit by Calvin de Haan and loses puck.
6:35 of 3rd period - Adam Erne is hit by Pierre-Olivier Joseph and loses puck.
6:51 of 3rd period - Icing by Calvin de Haan.
6:52 of 3rd period - Sebastian Aho wins face-off versus Ryan Poehling in COLUMBUS Blue Jackets zone.
6:52 of 3rd period - Sebastian Aho is hit by Pierre-Olivier Joseph.
7:56 of 3rd period - Shot by Alex Killorn.
7:56 of 3rd period - Shot Blocked by Dmitry Orlov.
9:01 of 3rd period - Kailer Yamamoto is hit by Adam Erne and loses puck.
9:49 of 3rd period - Adam Erne is hit by Pierre-Olivier Joseph and loses puck.
10:17 of 3rd period - Icing by Olli Maatta.
10:18 of 3rd period - Anthony Cirelli wins face-off versus Sebastian Aho in VEGAS Golden Knights zone.
10:33 of 3rd period - Shot by Evan Rodrigues.
10:33 of 3rd period - Shot Hit the Post.
11:02 of 3rd period - Shot by Tomas Tatar.
11:02 of 3rd period - Stopped by Thatcher Demko without a rebound.
11:03 of 3rd period - Andrei Svechnikov wins face-off versus Kailer Yamamoto in COLUMBUS Blue Jackets zone.
11:04 of 3rd period - Shot by Alex Killorn.
11:04 of 3rd period - Stopped by Thatcher Demko without a rebound.
11:05 of 3rd period - Mikael Granlund wins face-off versus Jake Evans in COLUMBUS Blue Jackets zone.
11:20 of 3rd period - Shot by Andrei Svechnikov.
11:20 of 3rd period - Deflect By Alex Killorn.
11:20 of 3rd period - Shot Misses the Net.
11:22 of 3rd period - Shot by Andrei Svechnikov.
11:22 of 3rd period - Shot Misses the Net.
11:24 of 3rd period - Shot by Alex Killorn.
11:24 of 3rd period - Shot Misses the Net.
11:29 of 3rd period - Alex Killorn is hit by Martin Fehervary and loses puck.
12:31 of 3rd period - Minor Penalty to Blake Coleman for Slashing.
12:32 of 3rd period - Evan Rodrigues wins face-off versus Sebastian Aho in COLUMBUS Blue Jackets zone.
12:58 of 3rd period - Shot by Jared McCann.
12:58 of 3rd period - Deflect By Sebastian Aho.
12:58 of 3rd period - Stopped by Thatcher Demko without a rebound.
12:59 of 3rd period - Evan Rodrigues wins face-off versus Colton Sissons in COLUMBUS Blue Jackets zone.
13:11 of 3rd period - Tomas Tatar is hit by Matt Benning and loses puck.
13:18 of 3rd period - Shot by Noel Acciari.
13:18 of 3rd period - Stopped by Thatcher Demko without a rebound.
13:19 of 3rd period - Evan Rodrigues wins face-off versus Sebastian Aho in COLUMBUS Blue Jackets zone.
13:41 of 3rd period - Shot by Jared McCann.
13:41 of 3rd period - Stopped by Thatcher Demko with a rebound.
13:43 of 3rd period - Shot by Alex Killorn.
13:43 of 3rd period - Stopped by Thatcher Demko without a rebound.
13:44 of 3rd period - Ryan Poehling wins face-off versus Colton Sissons in COLUMBUS Blue Jackets zone.
14:06 of 3rd period - Tomas Tatar is hit by Matt Benning and loses puck.
14:40 of 3rd period - Shot by Jake Evans.
14:40 of 3rd period - Shot Hit the Post.
14:56 of 3rd period - Shot by Sebastian Aho.
14:56 of 3rd period - Stopped by Thatcher Demko without a rebound.
14:57 of 3rd period - Eric Staal wins face-off versus Colton Sissons in COLUMBUS Blue Jackets zone.
15:51 of 3rd period - Off-side.
15:52 of 3rd period - Sebastian Aho wins face-off versus Anthony Cirelli in neutral zone.
15:57 of 3rd period - Shot by Sebastian Aho.
15:57 of 3rd period - Stopped by Thatcher Demko without a rebound.
15:58 of 3rd period - Sebastian Aho wins face-off versus Anthony Cirelli in COLUMBUS Blue Jackets zone.
15:58 of 3rd period - Adam Larsson is hit by Matt Benning and loses puck.
16:05 of 3rd period - Shot by Tomas Tatar.
16:05 of 3rd period - Deflect By Sebastian Aho.
16:05 of 3rd period - Shot Misses the Net.
16:37 of 3rd period - Anthony Cirelli is hit by Adam Larsson and loses puck.
18:17 of 3rd period - Icing by Andre Burakovsky.
18:18 of 3rd period - Phil Di Giuseppe wins face-off versus Ryan Poehling in COLUMBUS Blue Jackets zone.
19:01 of 3rd period - Off-side.
19:02 of 3rd period - Sebastian Aho wins face-off versus Anthony Cirelli in neutral zone.
19:09 of 3rd period - Shot by Alex Killorn.
19:09 of 3rd period - Stopped by Thatcher Demko without a rebound.
19:10 of 3rd period - Anthony Cirelli wins face-off versus Sebastian Aho in COLUMBUS Blue Jackets zone.
19:16 of 3rd period - Minor Penalty to Sebastian Aho for Hooking.
19:17 of 3rd period - Evan Rodrigues wins face-off versus Colton Sissons in VEGAS Golden Knights zone.
19:18 of 3rd period - COLUMBUS Blue Jackets, Thatcher Demko is pulled from the net.
19:56 of 3rd period - Shot by Evan Rodrigues.
19:56 of 3rd period - Shot Misses the Net.
19:58 of 3rd period - Shot by Martin Fehervary.
19:58 of 3rd period - Stopped by Connor Hellebuyck with a rebound.
Goals for this period are 0 for COLUMBUS Blue Jackets vs 0 for VEGAS Golden Knights.
Shots for this period are 6 for COLUMBUS Blue Jackets vs 11 for VEGAS Golden Knights. Output by the SimonT Hockey Simulator (STHS) for Martin Benoit - Original Page W3C HTML5 Valid
Hockey Simulator - Hockey Simulation - Hockey Manager